 Dungeon Crawl Stone Soup version 0.28-a0-2-g643f2454ad (webtiles) character file.

Game seed: 4225471710402270041

142 Sobieck the Sneak (level 5, -10/24 HPs)
             Began as a Spriggan Earth Elementalist on July 22, 2021.
             Was a Follower of Dithmenos.
             Killed by divine providence
             ... invoked by an orc priest
              (12 damage)
             ... on level 3 of the Dungeon.
             The game lasted 00:08:53 (3341 turns).

Sobieck the Sneak (Spriggan Earth Elementalist)     Turns: 3341, Time: 00:08:53

Health: -10/24     AC:  3    Str:  4    XL:     5   Next: 3%
Magic:  8/11       EV: 18    Int: 17    God:    Dithmenos [*.....]
Gold:   242        SH:  0    Dex: 16    Spells: 8/11 levels left

rFire   + . .      SeeInvis +   e - +0 dagger {short}
rCold   . . .      Faith    .   (shield restricted)
rNeg    . . .      Spirit   .   b - +1 robe
rPois   .          Reflect  .   (helmet restricted)
rElec   .          Harm     .   (no cloak)
rCorr   .          Rampage  .   (gloves unavailable)
Will    .....                   (boots unavailable)
Stlth   +++.......              (no amulet)
HPRegen 0.08/turn               i - ring of protection from fire
MPRegen 0.12/turn               (no ring)

@: wreathed by umbra, very quick
A: very small, no large weapons, unfitting armour, see invisible, speed 3
a: Renounce Religion


You were on level 3 of the Dungeon.
You worshipped Dithmenos.
Dithmenos was aware of your devotion.
You visited 1 branch of the dungeon, and saw 4 of its levels.

You collected 242 gold pieces.


Innate Abilities, Weirdness & Mutations

You are very small and have problems with some larger weapons.
You are too small for most types of armour.
You have supernaturally acute eyesight. (SInv)
You cover ground extremely quickly. (Speed+++)


   Skills:
 + Level 1.6 Short Blades
 + Level 3.7 Dodging
 + Level 4.3 Stealth
 + Level 3.6 Spellcasting
 + Level 3.0 Transmutations
 + Level 3.2 Earth Magic


You had 8 spell levels left.
You knew the following spells:

 Your Spells              Type           Power      Damage    Failure   Level
a - Sandblast             Erth           28%        2d8       4%          1
b - Passwall              Tmut/Erth      10%        N/A       7%          2

Your spell library contained the following spells:

 Spells                   Type           Power      Damage    Failure   Level
 Stone Arrow              Conj/Erth      16%        3d8       26%         3
 Petrify                  Tmut/Erth      13%        N/A       41%         4

Inventory:

Hand Weapons
 e - a +0 dagger (weapon) {short}
   (You took it off a goblin on level 1 of the Dungeon)
Missiles
 a - 9 sling bullets
 c - 67 stones {throwing}
 g - 4 boomerangs {throwing}
 h - 41 arrows
Armour
 b - a +1 robe (worn)
Jewellery
 i - a ring of protection from fire (left hand)
   (You found it on level 1 of the Dungeon)
Scrolls
 f - 2 scrolls of identify {@r1}
 l - a scroll of teleportation {unknown}
Potions
 d - a potion of brilliance
 j - a potion of might
 k - a potion of curing {@q1}

Dungeon Overview and Level Annotations

Branches:
Dungeon (4/15)
 Temple: D:4-7

Altars:
Ashenzari
Cheibriados
Dithmenos
Elyvilon
Qazlal
Ru
Yredelemnul

#..........# #####
#..........# ##### #....
#..........#
#...######.###
####...#######..........#
#.#...........########
#.#..####.....#
##....o....#...#
##......<.################
####...#<###@#
##.........). #....#.#.#
#<## #..##########
##..##.#.###..###.##
##.##.#.##.......# ##
#.#.......##.#### ..#
#.#....#####.###### ..#
#.#..#.##........># #.#
#....#.##.........# # #.#
# ###..#.##.........#.#
#.###


You could see an orc priest.


Message History

Aiming: Sandblast (safe; 4% risk of failure)
Press: ? - help, Shift-Dir - straight line, f/p - adder
Aim: an adder (severely wounded, umbra, 66% to hit)
The blast of sand hits the adder!
You kill the adder!
Dithmenos accepts your kill.
Your Transmutations skill increases to level 3!
You have reached level 5!
You feel agile. 😎 HP[+3] MP[-1]
You now have 24 max hp (+3).
Your hp is fully restored (24).
Casting: Sandblast (safe; 4% risk of failure)
Confirm with . or Enter, or press ? or * to list all spells.
Aiming: Sandblast (safe; 4% risk of failure)
Press: ? - help, Shift-Dir - straight line, f - kobold
Aim: a kobold, wielding a +0 dagger and quivering stones (74% to hit)
You miscast Sandblast.
You are very lightly contaminated with residual magic.
Nothing appears to happen. 😎 MP[-1]
You lost 1 mp, and now have 7/11 mp.
Casting: Sandblast (safe; 4% risk of failure)
Confirm with . or Enter, or press ? or * to list all spells.
Aiming: Sandblast (safe; 4% risk of failure)
Press: ? - help, Shift-Dir - straight line, f/p - kobold
Aim: a kobold, wielding a +0 dagger and quivering stones (74% to hit)
The blast of sand hits the kobold.
You kill the kobold!
Dithmenos accepts your kill. 😎 MP[-1]
You lost 1 mp, and now have 6/11 mp.
Okay, then.
You start resting.
Your magical contamination has completely faded away. 😎 MP[+1]
Casting: Sandblast (safe; 4% risk of failure)
Confirm with . or Enter, or press ? or * to list all spells.
Okay, then.
Unknown command.
c - 70 stones {throwing} (gained 5)
Things that are here:
a +0 dagger {short}; a kobold corpse 😎 MP[+4]
Your mp is fully restored (11).
Casting: Sandblast (safe; 4% risk of failure)
Confirm with . or Enter, or press ? or * to list all spells.
Okay, then.
Unknown command.
Found a sacrificial altar of Ru.
Found a basalt altar of Yredelemnul.
Found a stormy altar of Qazlal.
There is a sacrificial altar of Ru here.
There is a basalt altar of Yredelemnul here.
You now have 233 gold pieces (gained 15).
There is a stone staircase leading up here.
l - a scroll labelled SIT WOTTOZ
h - 41 arrows (gained 25)
f - 2 scrolls of identify {@r1} (gained 1)
You now have 242 gold pieces (gained 9).
You see here a +0 whip {mace}.
An orc priest is nearby!
No target in view!
No target in view!
There is a stone staircase leading up here.
The orc priest shouts!
Casting: Sandblast (safe; 4% risk of failure)
Confirm with . or Enter, or press ? or * to list all spells.
Aiming: Sandblast (safe; 4% risk of failure)
Press: ? - help, Shift-Dir - straight line, f - orc priest
Aim: an orc priest, wielding a +0 war axe and wearing a +0 chain mail (85% to hit)
The blast of sand hits the orc priest but does no damage.
The orc priest calls down the wrath of Beogh upon you.
Pain shoots through your body! 😮 HP[-11] MP[-1]
You take 11 damage, and now have 13/24 hp.
MASSIVE DAMAGE!! (PAUSE)
You lost 1 mp, and now have 10/11 mp.
Casting: Sandblast (safe; 4% risk of failure)
Confirm with . or Enter, or press ? or * to list all spells.
Aiming: Sandblast (safe; 4% risk of failure)
Press: ? - help, Shift-Dir - straight line, f/p - orc priest
Aim: an orc priest, wielding a +0 war axe and wearing a +0 chain mail (85% to hit)
The blast of sand hits the orc priest but does no damage.
The orc priest invokes the aid of Beogh against you.
Beogh smites you!
* * * LOW HITPOINT WARNING * * *
😱 HP[-11] MP[-1]
You take 11 damage, and now have 2/24 hp.
MASSIVE DAMAGE!! (PAUSE)
You lost 1 mp, and now have 9/11 mp.
Casting: Sandblast (safe; 4% risk of failure)
Confirm with . or Enter, or press ? or * to list all spells.
Aiming: Sandblast (safe; 4% risk of failure)
Press: ? - help, Shift-Dir - straight line, f/p - orc priest
Aim: an orc priest, wielding a +0 war axe and wearing a +0 chain mail (85% to hit)
The blast of sand hits the orc priest but does no damage.
The orc priest calls down the wrath of Beogh upon you.
Beogh smites you!
Ouch! That really hurt!
You die...

Skill      XL: |  1  2  3  4 |
---------------+-------------+-----
Dodging        | 3 |  3.7
Spellcasting   | 3 |  3.6
Transmutations | 2 3 |  3.0
Short Blades   | 1 |  1.6
Earth Magic    | 3 |  3.2
Stealth        | 4 |  4.3

Action                   |  1- 3 |  4- 6 || total
-------------------------+-------+-------++-------
Melee: Dagger            |    78 |    29 ||   107
 Cast: Sandblast         |    44 |    14 ||    58
       Passwall          |     4 |       ||     4
  Use: Scroll            |     7 |       ||     7
 Stab: Sleeping          |     7 |     3 ||    10
Armor: Robe              |    15 |       ||    15
Dodge: Dodged            |    81 |    24 ||   105

Levels and vault maps discovered:
D:1:      sevenhm_arrival_forest_fort_small_3, layout_loops_ring,
          hellmonk_ecumenical_altar_arch_garden
D:2:      layout_rooms, basic_altar, minmay_ruptured
D:3:      layout_rooms, grunt_temple_overflow_open, uniq_natasha, uniq_jessica
D:4:      layout_gridville, general_overflow_altar

Notes
Turn   | Place    | Note
-------+----------+-------------------------------------------
     0 | D:1      | Sobieck the Spriggan Earth Elementalist began the quest for
                  | the Orb.
     0 | D:1      | Reached XP level 1. HP: 9/9 MP: 5/5
     0 | D:1      | magus.rc [v1.9.6]
    72 | D:1      | Found a faded altar of an unknown god.
   286 | D:1      | Reached XP level 2. HP: 11/13 MP: 1/6
   368 | D:1      | Learned a level 2 spell: Passwall
  1010 | D:2      | Found a shadowy altar of Dithmenos.
  1096 | D:2      | Reached skill level 3 in Dodging
  1096 | D:2      | Reached skill level 3 in Spellcasting
  1096 | D:2      | Reached skill level 2 in Transmutations
  1169 | D:2      | Became a worshipper of Dithmenos the Shadowed
  1270 | D:2      | Reached XP level 3. HP: 16/16 MP: 5/8
  1822 | D:2      | Reached skill level 1 in Short Blades
  1868 | D:2      | Reached skill level 3 in Earth Magic
  2125 | D:2      | Reached * piety under Dithmenos
  2538 | D:3      | Found a snail-covered altar of Cheibriados.
  2540 | D:3      | Found a broken altar of Ashenzari.
  2540 | D:3      | Found a white marble altar of Elyvilon.
  2566 | D:3      | Reached skill level 4 in Stealth
  2567 | D:3      | Reached XP level 4. HP: 21/21 MP: 5/9
  2730 | D:3      | Noticed Jessica
  2771 | D:3      | Killed Jessica
  2835 | D:3      | Noticed Natasha
  2851 | D:3      | Killed Natasha
  3101 | D:3      | Reached skill level 3 in Transmutations
  3101 | D:3      | Reached XP level 5. HP: 24/24 MP: 8/11
  3149 | D:3      | Found a sacrificial altar of Ru.
  3150 | D:3      | Found a basalt altar of Yredelemnul.
  3153 | D:3      | Found a stormy altar of Qazlal.
  3340 | D:3      | HP: 2/24 [orc priest/divine providence (11)]
  3341 | D:3      | Killed from afar by an orc priest

Vanquished Creatures
  Jessica (D:3)
  Natasha (D:3)
  3 adders
  A worm (D:2)
  2 dart slugs
  4 orcs (D:3)
  4 ball pythons
  An endoplasm (D:2)
  A giant cockroach (D:2)
  3 goblins (D:1)
  5 hobgoblins
  6 jackals
  6 kobolds
  3 quokkas
  4 bats
  2 frilled lizards (D:2)
  3 rats
50 creatures vanquished.

Table legend:
 A = Non-vault XP
 B = Vault XP
 C = Vault XP percentage of total XP
 D = Non-vault monster count
 E = Vault monster count
 F = Vault count percentage of total count
                 A         B        C        D         E       F
            +---------+---------+-------+---------+---------+-------
      Total |     121 |      82 |  40.4 |      44 |       6 |  12.0
            +---------+---------+-------+---------+---------+-------
        D:1 |      21 |       0 |   0.0 |      12 |       0 |   0.0
        D:2 |      62 |      10 |  13.9 |      21 |       4 |  16.0
        D:3 |      37 |      72 |  66.1 |      10 |       2 |  16.7
        D:4 |       1 |       0 |   0.0 |       1 |       0 |   0.0
            +---------+---------+-------+---------+---------+-------

Illustrated notes

Table legend:
 A = Kills in this place as a percentage of kills in entire the game.
 B = Kills by you in this place as a percentage of kills by you in the entire game.
 C = Kills by friends in this place as a percentage of kills by friends in the entire game.
 D = Other kills in this place as a percentage of other kills in the entire game.
 E = Experience gained in this place as a percentage of experience gained in the entire game.
 F = Experience gained in this place divided by the number of levels of this place that you have seen.
                   A       B       C       D       E      F
               +-------+-------+-------+-------+-------+----------------------
         Total | 100.0 | 100.0 |   N/A |   N/A | 100.0 |  50.8
       Dungeon | 100.0 | 100.0 |   N/A |   N/A | 100.0 |  50.8
               +-------+-------+-------+-------+-------+----------------------

Table legend: (Time is in decaauts)
 A = Elapsed time spent in this place.
 B = Non-inter-level travel time spent in this place.
 C = Inter-level travel time spent in this place.
 D = Time resting spent in this place.
 E = Time spent auto-exploring this place.
 F = Levels seen in this place.
 G = Mean time per level.
                   A        B        C        D        E       F      G
               +--------+--------+--------+--------+--------+-----+--------+
         Total |   2592 |   2548 |     44 |   1104 |    898 |   4 |  648.0 |
       Dungeon |   2592 |   2548 |     44 |   1104 |    898 |   4 |  648.0 |
               +--------+--------+--------+--------+--------+-----+--------+

Top non-repeatable levels by time:
     D:2: 1137 daAuts
     D:1: 880 daAuts
     D:3: 565 daAuts
     D:4: 8 daAuts
